Map: Ulrena

Players

UnmortaI

  • Race: Terran Terran
  • League: Master

XiaoWangZi - Winner!

  • Race: Terran Terran
  • League: Master

VOD

Have the link to the VOD?

Description

Time

  • Played on: April 8, 2016, 1:07 p.m.
  • Length: 16:19
Show
View Real Time Build Order
Export as new Build Order

UnmortaI Terran 

Build Orders:  

Get SALT Encoding   

  12  0:01  SCV  
  13  0:13  SCV  
  14  0:22  Supply Depot  
  14  0:25  Refinery  
  14  0:28  SCV  
  15  0:43  SCV  
  15  0:45  Barracks  
  16  0:55  SCV  
  17  0:58  Supply Depot  
  17  1:08  Refinery  
  17  1:12  SCV  
  18  1:24  SCV  
  19  1:37  Orbital Command  
  19  1:39  Reaper  
  20  1:53  Factory  
  20  2:04  SCV  
  20  2:17  Marine  
  21  2:32  SCV  
  21  2:36  Marine  
  23  2:41  Starport, Factory Tech Lab  
  23  2:45  SCV  
  24  2:54  Marine  
  25  3:01  Bunker, Siege Tank  
  28  3:12  Marine  
  25  3:21  SCV  
  26  3:32  Marine  
  26  3:33  Widow Mine  
  28  3:45  SCV  
  29  3:51  Supply Depot  
  29  4:04  Medivac  
  31  4:11  Supply Depot  
  31  4:12  SCV  
  31  4:14  Siege Tank, Marine  
  36  4:34  Viking  
  38  4:43  SCV  
  39  4:51  Command Center  
  39  5:01  Barracks Reactor  
  39  5:02  SCV  
  39  5:03  Siege Tank  
  43  5:11  Viking  
  45  5:17  Supply Depot  
  45  5:38  Barracks, Marine  
  45  5:39  Barracks, Marine  
  47  5:53  SCV  
  48  5:59  Siege Tank  
  51  6:05  SCV  
  51  6:14  Viking  
  43  6:22  Orbital Command  
  43  6:25  Marine  
  44  6:41  Marine  
  39  7:20  SCV  
  41  7:24  Orbital Command  
  41  7:29  Marine  
  41  7:46  SCV  
  41  7:47  Marine  
  41  7:50  Barracks Tech Lab, Barracks Reactor  
  41  7:51  SCV  
  44  7:59  SCV  
  44  8:03  SCV  
  46  8:08  Siege Tank  
  46  8:09  Combat Shields, Marine  
  46  8:11  SCV  
  51  8:15  SCV  
  52  8:23  SCV  
  52  8:25  Marine x2, Starport Reactor  
  52  8:26  Marine x2  
  57  8:28  Marine  
  57  8:29  SCV  
  56  8:40  SCV  
  58  8:41  SCV  
  58  8:51  Marine  
  58  8:53  SCV x2  
  61  9:02  Viking  
  63  9:07  Viking  
  64  9:17  SCV  
  64  9:18  SCV  
  66  9:31  Supply Depot  
  66  9:32  Viking  
  66  9:34  Stimpack  
  68  9:42  Viking  
  70  9:52  Marine x5  
  70  9:55  Supply Depot  
  73  10:03  Viking  
  75  10:15  Medivac  
  75  10:19  SCV  
  78  10:24  Supply Depot  
  78  10:27  Liberator  
  78  10:28  Liberator  
  78  10:30  SCV  
  78  10:31  SCV  
  80  10:46  Siege Tank  
  89  11:02  Marine  
  87  11:12  Marine  
  88  11:19  Marine x4  
  92  11:29  SCV  
  92  11:30  Marine, SCV  
  88  11:37  Liberator, Marine x4  
  87  11:42  Liberator  
  87  11:48  Marine  
  88  11:54  Marine  
  88  11:55  Marine x2  
  88  11:58  Marine  
  94  12:06  Marine  
  91  12:12  Marine  
  91  12:15  Marine  
  83  12:21  Marine  
  83  12:22  Marine  
  81  12:23  SCV x2  
  81  12:24  Marine  
  84  12:30  Marine  
  84  12:32  Marine  
  86  12:37  Viking  
  86  12:39  Marine  
  86  12:42  Viking  
  91  12:44  Marine  
  91  12:48  Marine  
  93  12:52  Marine  
  94  13:16  Command Center  
  94  13:19  Supply Depot, Marine x2  
  94  13:31  Marine x2  
  93  13:35  Marine  
  93  13:36  Command Center  
  93  13:41  Marine  
  95  13:47  Marine  
  94  13:48  Marine  
  94  13:49  Marine  
  93  14:03  Marine  
  93  14:04  Marine  
  93  14:10  Marine  
  85  14:24  Marine  
  80  14:32  Marine  
  80  14:36  Marine  
  80  14:38  Marine  
  82  14:41  Marine  
  82  14:44  Marine  
  85  14:51  Marine  
  77  15:29  Viking  
  79  15:36  Orbital Command  
  79  15:38  Marine  
  79  15:39  Marine  
  81  15:46  Siege Tank  
Show
View Real Time Build Order
Export as new Build Order

XiaoWangZi Terran - Winner!

Build Orders:  

Get SALT Encoding   

  12  0:01  SCV  
  13  0:13  SCV  
  14  0:17  Supply Depot  
  14  0:25  SCV  
  15  0:33  Refinery  
  15  0:39  SCV  
  16  0:45  Barracks  
  16  0:51  SCV  
  17  1:01  Refinery  
  17  1:03  SCV  
  18  1:18  Supply Depot  
  18  1:32  Orbital Command  
  18  1:33  Reaper  
  19  1:50  Factory  
  19  2:05  Reaper  
  19  2:07  SCV  
  21  2:19  Supply Depot, SCV  
  22  2:34  Hellion  
  24  2:37  Reaper  
  24  2:42  SCV  
  26  2:49  Starport  
  26  2:54  SCV  
  26  2:56  Hellion  
  29  3:17  Reaper  
  29  3:18  Hellion  
  31  3:34  SCV  
  31  3:53  SCV  
  31  3:54  Starport Reactor  
  32  3:57  Factory Tech Lab  
  29  4:04  Barracks Reactor  
  29  4:05  SCV  
  29  4:08  Barracks  
  30  4:17  SCV  
  30  4:19  Siege Tank  
  34  4:25  Liberator  
  37  4:36  Supply Depot, Command Center  
  34  4:41  Liberator  
  34  4:43  Marine x2  
  38  4:48  Bunker  
  37  4:57  Barracks Tech Lab  
  40  5:02  SCV  
  41  5:07  Marine x2  
  41  5:11  Siege Tank  
  44  5:19  Marine  
  45  5:29  Marine, SCV  
  47  5:48  Medivac  
  47  5:49  Supply Depot  
  50  5:50  Supply Depot  
  50  5:55  SCV  
  51  6:01  Siege Tank  
  52  6:05  Barracks Tech Lab  
  52  6:07  Barracks Reactor  
  52  6:21  Orbital Command  
  54  6:27  Viking  
  54  6:31  Viking  
  52  6:42  Marine  
  50  6:56  Marine x2  
  50  6:57  Viking  
  50  6:58  SCV  
  50  7:00  Marine  
  56  7:10  SCV  
  55  7:18  Viking  
  55  7:20  Stimpack, Marine x2  
  55  7:21  Marine  
  60  7:23  SCV  
  61  7:34  SCV  
  62  7:38  Engineering Bay  
  62  7:41  Supply Depot  
  62  7:52  Supply Depot  
  62  7:59  Marine x2  
  62  8:00  Viking, Siege Tank, SCV  
  62  8:05  Marine  
  71  8:10  Medivac  
  73  8:14  SCV  
  73  8:18  Refinery  
  73  8:19  SCV  
  75  8:25  Marine  
  75  8:26  Marine x2  
  78  8:31  Supply Depot  
  78  8:32  Siege Tank  
  81  8:36  Medivac  
  83  8:45  SCV x2  
  83  8:46  Refinery  
  85  8:57  SCV x2  
  87  9:03  Marine  
  87  9:04  Marine x2  
  87  9:09  SCV  
  90  9:10  Siege Tank  
  90  9:14  Terran Infantry Weapons Level 1, Barracks  
  93  9:18  SCV  
  94  9:27  Orbital Command  
  94  9:36  Refinery  
  94  9:37  Refinery  
  94  9:49  Supply Depot x2  
  94  9:57  Marine x2  
  94  10:00  Marine  
  94  10:01  SCV  
  94  10:11  Viking, Siege Tank  
  94  10:12  SCV  
  100  10:20  Viking  
  102  10:21  Marine  
  102  10:24  Barracks Reactor  
  102  10:25  SCV  
  104  10:32  Supply Depot  
  103  10:35  SCV  
  103  10:47  Viking  
  105  10:57  Marine x3  
  105  10:59  Siege Tank  
  111  11:16  Command Center  
  111  11:21  Marine x2  
  113  11:27  Marine x2  
  113  11:28  Marine  
  113  11:31  Combat Shields  
  116  11:36  Siege Tank  
  116  11:39  Marine  
  114  11:41  Marine  
  114  11:43  Viking  
  114  11:45  Marine  
  118  11:48  Marine  
  118  11:49  Viking  
  118  11:54  Marine  
  120  11:57  Marine  
  115  12:03  Command Center  
  115  12:08  Siege Tank  
  115  12:13  Marine x2  
  114  12:17  Marine  
  114  12:18  Marine x2  
  117  12:27  Terran Infantry Armor Level 1  
  117  12:29  Supply Depot x2  
  117  12:32  Barracks  
  117  12:34  Marine x2  
  117  12:35  Barracks  
  119  12:40  Siege Tank  
  119  12:43  Marine  
  119  12:44  Marine x2  
  125  12:56  Marine  
  125  12:57  Marine  
  127  13:01  Marine x2  
  127  13:02  Barracks, Marine  
  127  13:03  Barracks  
  127  13:05  Viking x2  
  132  13:12  Siege Tank  
  137  13:14  Marine x2  
  137  13:19  Marine  
  140  13:34  Marine x3  
  140  13:36  Barracks Reactor  
  140  13:39  Marine x2  
  144  13:51  Marine x2  
  144  13:52  Supply Depot, Marine x3  
  149  13:55  Siege Tank  
  149  13:56  Medivac x2  
  149  14:01  Planetary Fortress  
  156  14:03  SCV  
  155  14:14  Marine  
  155  14:15  SCV, Marine x2  
  153  14:21  Marine x4  
  152  14:27  SCV  
  152  14:28  Siege Tank  
  141  14:33  Viking x2  
  143  14:39  SCV  
  143  14:40  Marine x4  
  143  14:41  Marine x5  
  152  14:51  SCV  
  144  14:58  Marine x5  
  144  14:59  Marine x2  
  150  15:00  SCV  
  151  15:07  Armory  
  151  15:12  SCV  
  151  15:13  Viking x2  
  156  15:17  Engineering Bay  
  156  15:22  Marine  
  156  15:23  Marine x4  
  156  15:24  SCV  
  162  15:28  Refinery  
  162  15:30  Supply Depot x2  
  162  15:36  SCV  
  162  15:40  Marine x2  
  165  15:51  SCV  
  166  15:59  Marine x2  
  166  16:00  Marine x7  
  166  16:03  SCV  
Tags
 
Matchup
TvT
Race
Terran
Add a new tag
Caveats
  • Supply blocks, unpowered buildings, or Contaminate may cause inaccurate times.
  • Supply counts are checked every 10 seconds.